 Dungeon Crawl Stone Soup version 0.26.1-11-gd32895ea62 (webtiles) character file.

Game seed: 6521246600377930713

49 nomophobia the Bolt Thrower (level 4, -2/27 HPs)
             Began as a Kobold Hunter on May 17, 2021.
             Slain by Sigmund
             ... wielding a +0 scythe
              (8 damage)
             ... on level 2 of the Dungeon.
             The game lasted 00:16:19 (1811 turns).

nomophobia the Bolt Thrower (Kobold Hunter)         Turns: 1811, Time: 00:16:20

Health: -2/27      AC:  6    Str:  9    XL:     4   Next: 1%
Magic:  4/4        EV: 13    Int: 12    God:
Gold:   33         SH:  0    Dex: 16    Spells: 3/3 levels left

rFire    . . .     SeeInvis .   b - +0 short sword
rCold    . . .     Faith    .   (shield restricted)
rNeg     . . .     Spirit   .   e - +0 ring mail
rPois    .         Reflect  .   f - +0 helmet
rElec    .         Harm     .   (no cloak)
rCorr    .         Rampage  .   (no gloves)
Will     .....                  (no boots)
Stlth    +++.......             (no amulet)
HPRegen  0.09/turn              (no ring)
MPRegen  0.09/turn              (no ring)

@: no status effects
A: small, nightstalker 3
a: no special abilities


You were on level 2 of the Dungeon.
You visited 1 branch of the dungeon, and saw 2 of its levels.

You collected 33 gold pieces.

Inventory:

Hand Weapons
 a - a +1 hand crossbow
 b - a +0 short sword (weapon)
Missiles
 d - 32 bolts
Armour
 c - a +0 leather armour
 e - a +0 ring mail (worn)
 f - a +0 helmet (worn)
Scrolls
 g - a scroll of teleportation
 i - a scroll of remove curse
 k - a scroll of enchant armour {unknown}
 l - a scroll of identify {unknown}
 m - a scroll of fear {unknown}
Potions
 h - a potion of curing {unknown}
 j - 2 potions of attraction {unknown}


   Skills:
 + Level 2.6 Fighting
 + Level 1.6 Short Blades
 + Level 5.2 Crossbows
 + Level 3.0 Dodging
 + Level 2.5 Stealth


You had 3 spell levels left.
You didn't know any spells.
Your spell library was empty.

Dungeon Overview and Level Annotations

Branches:
Dungeon (2/15)

Altars:

Annotations:
D:2 Sigmund


Innate Abilities, Weirdness & Mutations

You are small and have problems with some larger weapons.
You are completely attuned to the shadows.


Message History

Sigmund is moderately wounded.
Sigmund casts a spell at you. You resist with some effort.
You hit Sigmund but do no damage.
Sigmund is moderately wounded.
Sigmund hits you but does no damage.
You closely miss Sigmund.
Sigmund is moderately wounded.
You hit Sigmund.
Sigmund is heavily wounded.
Sigmund barely misses you.
You hit Sigmund but do no damage.
Sigmund is heavily wounded.
Sigmund casts a spell at you. The magic dart hits you!
* * * LOW HITPOINT WARNING * * *
You hit Sigmund.
Sigmund is heavily wounded.
Sigmund hits you with a +0 scythe!
You die...

#..###.#....###
#.#............
#.####.###.####
.##........#
#.#....#.# #.....
#.#....#.####.#.(#
.#..............(.#
...#.#.#.#.....@...
.........#....@....
...#.#.#.#.......#.
###.......).......#
...#.#.#........<..
###..............#...
.............##..#..
..#.##.......# #.#
..#.##.#.##.## .#
..#.......#...


You could see Sigmund.

Vanquished Creatures
  A gnoll (D:1)
  2 dart slugs (D:1)
  A leopard gecko (D:1)
  2 giant cockroaches (D:1)
  2 goblins
  3 hobgoblins
  4 jackals (D:1)
  4 bats (D:1)
  4 frilled lizards
  6 kobolds (D:1)
  5 rats
34 creatures vanquished.

Notes
Turn   | Place    | Note
-------+----------+-------------------------------------------
     0 | D:1      | nomophobia the Kobold Hunter began the quest for the Orb.
     0 | D:1      | Reached XP level 1. HP: 12/12 MP: 1/1
   310 | D:1      | Reached skill level 5 in Crossbows
   310 | D:1      | Reached XP level 2. HP: 18/18 MP: 2/2
   443 | D:1      | Reached skill level 1 in Short Blades
   443 | D:1      | Reached XP level 3. HP: 4/22 MP: 3/3
  1779 | D:2      | Reached XP level 4. HP: 27/27 MP: 4/4
  1797 | D:2      | Noticed Sigmund
  1811 | D:2      | Slain by Sigmund

Illustrated notes

Levels and vault maps discovered:
D:1:      dpeg_arrival_rooms_with_view, layout_loops_ring, nrook_uturn,
          wad_floor_pattern_1, kennysheep_minor_cross
D:2:      layout_basic, serial_co_window_serial, co_window_corner_a,
          co_window_corner_a, co_window_paths_a, co_window_corner_a,
          co_window_of_opportunity_a, co_window_paths_b, co_window_paths_a,
          co_window_paths_a, co_window_paths_a, co_window_of_opportunity_b,
          co_window_broadway_b, co_window_of_opportunity_c, co_window_4corner_a,
          glass_columns_c, glass_columns_b, glass_columns_a, glass_columns_c,
          hangedman_decor_riveting, uniq_sigmund

Skill      XL: |  1  2  3 |
---------------+----------+-----
Crossbows      | 5 |  5.2
Short Blades   | 1 |  1.6
Stealth        | 2 |  2.5
Dodging        | 3 |  3.0
Fighting       | |  2.6

Action                   |  1- 3 |  4- 6 || total
-------------------------+-------+-------++-------
Melee: Short sword       |    68 |     6 ||    74
 Fire: Hand crossbow     |    35 |     6 ||    41
  Use: Scroll            |     4 |       ||     4
 Stab: Sleeping          |     2 |       ||     2
Armor: Ring mail         |    32 |     1 ||    33
Dodge: Dodged            |    61 |     4 ||    65
